3L
CAPITAL DISTRICT RED KNIGHTS @ LAS VEGAS FLAMINGOS
09/21/2026
 
TOP OF THE 1ST
Capital District Red Knights batting - Pitching for Las Vegas Flamingos : RHP Archibald Bridgestone
Pitching: RHP Archibald Bridgestone
Batting: RHB Danilo Mosca 0-0: Ball
1-0: SINGLE (Groundball, 34D)
Batting: RHB Pedro Álvarez 0-0: Ball
Danilo Mosca steals 2nd base
1-0: SINGLE (Groundball, 4MD)
Danilo Mosca to third
Runner from 3rd tries for Home, SAFE, no throw
Batting: RHB Sergio Ortíz 0-0: Ball
1-0: Foul Ball, location: 2F
1-1: Ball
2-1: Foul Ball, location: 2F
2-2: Ball
3-2: Base on Balls
Pedro Álvarez to second
Batting: RHB Barry Dempsey 0-0: Ball
1-0: Fly out, F7 (Flyball, 78M)
Batting: RHB Chris Costa 0-0: Ball
1-0: Grounds into double play, 6-4-3 (Groundball, 6)
Top of the 1st over - 1 run(s), 2 hit(s), 0 error(s), 1 left on base; Capital District 1 - Las Vegas 0
BOTTOM OF THE 1ST
Las Vegas Flamingos batting - Pitching for Capital District Red Knights : LHP Luis Peña
Pitching: LHP Luis Peña
Batting: LHB Roberto Salazar 0-0: Called Strike
0-1: Ground out U3 (Groundball, 34S)
Batting: RHB Sake van Arem 0-0: Foul Ball, location: 2F
0-1: SINGLE (Groundball, 6MD)
Batting: LHB Chris McKinney 0-0: Ball
Sake van Arem is caught stealing 2nd base
1-0: Fly out, F1 (Line Drive, 13S)
Bottom of the 1st over - 0 run(s), 1 hit(s), 0 error(s), 0 left on base; Capital District 1 - Las Vegas 0
TOP OF THE 2ND
Capital District Red Knights batting - Pitching for Las Vegas Flamingos : RHP Archibald Bridgestone
Batting: LHB Francisco Sánchez 0-0: Ball
1-0: Foul Ball, location: 2F
1-1: Swinging Strike
1-2: Foul Ball, location: 2F
1-2: Fly out, F9 (Flyball, 9D)
Batting: RHB Alfonso Enríquez 0-0: Called Strike
0-1: Foul Ball, location: 2F
0-2: Ball
1-2: Ground out 5-3 (Groundball, 5)
Batting: SHB Bernardo Hernández 0-0: Ball
1-0: Ball
2-0: Ball
3-0: Base on Balls
Batting: RHB Reggie Kahn 0-0: Called Strike
0-1: Ball
Bernardo Hernández steals 2nd base
1-1: Ground out 6-3 (Groundball, 6MD)
Top of the 2nd over - 0 run(s), 0 hit(s), 0 error(s), 1 left on base; Capital District 1 - Las Vegas 0
BOTTOM OF THE 2ND
Las Vegas Flamingos batting - Pitching for Capital District Red Knights : LHP Luis Peña
Batting: LHB José Alonso 0-0: Called Strike
0-1: Ball
1-1: Fly out, F9 (Line Drive, 9)
Batting: RHB Xavier Hernández 0-0: Called Strike
0-1: Ball
1-1: Foul Ball, location: 2F
1-2: Foul Ball, location: 2F
1-2: Strikes out swinging
Batting: SHB Kunimichi Chikafuji 0-0: Called Strike
0-1: Swinging Strike
0-2: Ball
1-2: Ground out 5-3 (Groundball, 56)
Bottom of the 2nd over - 0 run(s), 0 hit(s), 0 error(s), 0 left on base; Capital District 1 - Las Vegas 0
TOP OF THE 3RD
Capital District Red Knights batting - Pitching for Las Vegas Flamingos : RHP Archibald Bridgestone
Batting: RHB Danilo Mosca 0-0: Ball
1-0: Ball
2-0: Called Strike
2-1: Ground out 4-3 (Groundball, 4)
Batting: RHB Pedro Álvarez 0-0: Ground out 6-3 (Groundball, 6D)
Batting: RHB Sergio Ortíz 0-0: Fly out, F9 (Flyball, 9LM)
Top of the 3rd over - 0 run(s), 0 hit(s), 0 error(s), 0 left on base; Capital District 1 - Las Vegas 0
BOTTOM OF THE 3RD
Las Vegas Flamingos batting - Pitching for Capital District Red Knights : LHP Luis Peña
Batting: RHB Jeff Young 0-0: Ball
1-0: Ground out 5-3 (Groundball, 5L)
Batting: LHB Emílio Sáenz 0-0: Called Strike
0-1: Foul Ball, location: 2F
0-2: Ball
1-2: Ball
2-2: Strikes out swinging
Batting: RHB John Aston 0-0: Called Strike
0-1: Ball
1-1: Called Strike
1-2: Strikes out swinging
Bottom of the 3rd over - 0 run(s), 0 hit(s), 0 error(s), 0 left on base; Capital District 1 - Las Vegas 0
TOP OF THE 4TH
Capital District Red Knights batting - Pitching for Las Vegas Flamingos : RHP Archibald Bridgestone
Batting: RHB Barry Dempsey 0-0: Called Strike
0-1: Called Strike
0-2: Foul Ball, location: 2F
0-2: Ball
1-2: Ball
2-2: Ball
3-2: Foul Ball, location: 2F
3-2: SINGLE (Groundball, 6MD)
Batting: RHB Chris Costa 0-0: SINGLE (Groundball, 6MD)
Barry Dempsey to second
Batting: LHB Francisco Sánchez 0-0: Called Strike
0-1: Ball
1-1: Fielders Choice at 2nd, 3-6 (Groundball, 34)
Barry Dempsey to third
Batting: RHB Alfonso Enríquez 0-0: Ball
1-0: SINGLE (Line Drive, 9S)
Barry Dempsey scores
Francisco Sánchez to second
Batting: SHB Bernardo Hernández 0-0: Called Strike
0-1: Ball
1-1: Ball
2-1: Ball
3-1: Base on Balls
Francisco Sánchez to third
Alfonso Enríquez to second
Batting: RHB Reggie Kahn 0-0: Ball
1-0: Called Strike
1-1: Ball
2-1: Ball
3-1: Foul Ball, location: 2F
3-2: Strikes out looking
Batting: RHB Danilo Mosca 0-0: Called Strike
0-1: Ball
1-1: Ball
2-1: Called Strike
2-2: Foul Ball, location: 2F
2-2: Ball
3-2: Foul Ball, location: 2F
3-2: Fly out, F3 (Line Drive, 4)
Top of the 4th over - 1 run(s), 3 hit(s), 0 error(s), 3 left on base; Capital District 2 - Las Vegas 0
BOTTOM OF THE 4TH
Las Vegas Flamingos batting - Pitching for Capital District Red Knights : LHP Luis Peña
Batting: LHB Roberto Salazar 0-0: Called Strike
0-1: Called Strike
0-2: SINGLE (Line Drive, 56)
Batting: RHB Sake van Arem 0-0: Called Strike
0-1: Ball
1-1: Ball
2-1: Foul Ball, location: 2F
2-2: Strikes out swinging
Batting: LHB Chris McKinney 0-0: Called Strike
0-1: Ball
1-1: Fly out, F8 (Flyball, 89D)
Batting: LHB José Alonso 0-0: Ball
1-0: Foul Ball, location: 2F
1-1: Fielders Choice at 2nd, 4-6 (Groundball, 4)
Bottom of the 4th over - 0 run(s), 1 hit(s), 0 error(s), 0 left on base; Capital District 2 - Las Vegas 0
TOP OF THE 5TH
Capital District Red Knights batting - Pitching for Las Vegas Flamingos : RHP Archibald Bridgestone
Batting: RHB Pedro Álvarez 0-0: SINGLE (Line Drive, 56D)
Batting: RHB Sergio Ortíz 0-0: Swinging Strike
0-1: Called Strike
0-2: Foul Ball, location: 2F
0-2: Ball
1-2: Foul Ball, location: 2F
1-2: Strikes out swinging
Batting: RHB Barry Dempsey 0-0: Called Strike
0-1: Foul Ball, location: 2F
0-2: Foul Ball, location: 2F
0-2: Foul Ball, location: 2F
0-2: Strikes out looking
Batting: RHB Chris Costa 0-0: Called Strike
0-1: Foul Ball, location: 2F
0-2: Ball
1-2: Ball
2-2: Strikes out swinging
Top of the 5th over - 0 run(s), 1 hit(s), 0 error(s), 1 left on base; Capital District 2 - Las Vegas 0
BOTTOM OF THE 5TH
Las Vegas Flamingos batting - Pitching for Capital District Red Knights : LHP Luis Peña
Batting: RHB Xavier Hernández 0-0: Foul Ball, location: 2F
0-1: Ball
1-1: Ball
2-1: SOLO HOME RUN (Flyball, 7D), Distance : 397 ft
Batting: SHB Kunimichi Chikafuji 0-0: Called Strike
0-1: Foul Ball, location: 2F
0-2: Ball
1-2: Ball
2-2: SINGLE (Groundball, 6MD)
Batting: RHB Jeff Young 0-0: SINGLE (Groundball, 6MD)
Kunimichi Chikafuji to second
Batting: LHB Emílio Sáenz 0-0: Bunted foul
0-1: Sac Bunt - play at first, batter OUT! 5-4
Kunimichi Chikafuji to third
Jeff Young to second
Batting: RHB John Aston 0-0: Foul Ball, location: 2F
0-1: Swinging Strike
0-2: Strikes out swinging
Batting: LHB Roberto Salazar 0-0: Ball
1-0: Ground out 3-1 (Groundball, 34)
Bottom of the 5th over - 1 run(s), 3 hit(s), 0 error(s), 2 left on base; Capital District 2 - Las Vegas 1
TOP OF THE 6TH
Capital District Red Knights batting - Pitching for Las Vegas Flamingos : RHP Archibald Bridgestone
Batting: LHB Francisco Sánchez 0-0: Ground out 3-1 (Groundball, 34S)
Batting: RHB Alfonso Enríquez 0-0: Called Strike
0-1: Ball
1-1: Ball
2-1: Ball
3-1: Called Strike
3-2: Fly out, F9 (Flyball, 89M)
Batting: SHB Bernardo Hernández 0-0: Ball
1-0: SINGLE (Line Drive, 56D)
Batting: RHB Reggie Kahn 0-0: Reached on error, E8 (Flyball, 8LD)
Bernardo Hernández to third
Batting: RHB Danilo Mosca 0-0: Ball
1-0: Called Strike
1-1: Ball
2-1: Called Strike
2-2: Ball
3-2: Ground out 6-3 (Groundball, 6)
Top of the 6th over - 0 run(s), 1 hit(s), 1 error(s), 2 left on base; Capital District 2 - Las Vegas 1
BOTTOM OF THE 6TH
Las Vegas Flamingos batting - Pitching for Capital District Red Knights : LHP Luis Peña
Batting: RHB Sake van Arem 0-0: Foul Ball, location: 2F
0-1: Ball
1-1: Ball
2-1: Called Strike
2-2: Ball
3-2: Foul Ball, location: 2F
3-2: SINGLE (Groundball, 56S) (infield hit)
Batting: LHB Chris McKinney 0-0: Ball
1-0: Fly out, F8 (Flyball, 8LM)
Batting: LHB José Alonso 0-0: Called Strike
0-1: Ball
1-1: DOUBLE (Line Drive, 89D)
Sake van Arem to third
Runner from 3rd tries for Home, SAFE, no throw
Batting: RHB Xavier Hernández 0-0: Intentional Walk
Pinch Runner at 2nd Job Pels:
Batting: SHB Kunimichi Chikafuji 0-0: Ball
1-0: Ball
2-0: Ball
3-0: Base on Balls
Job Pels to third
Xavier Hernández to second
Batting: RHB Jeff Young 0-0: Fly out, F8 (Flyball, 8RS)
Batting: LHB Emílio Sáenz 0-0: Foul Ball, location: 2F
0-1: Ball
1-1: Ball
2-1: Foul Ball, location: 2F
2-2: Ball
3-2: Ground out 1-3 (Groundball, 13)
Bottom of the 6th over - 1 run(s), 2 hit(s), 0 error(s), 3 left on base; Capital District 2 - Las Vegas 2
TOP OF THE 7TH
Capital District Red Knights batting - Pitching for Las Vegas Flamingos : RHP Archibald Bridgestone
Pitching: LHP Shunen Takahashi
Now in LF: Job Pels
Batting: RHB Pedro Álvarez 0-0: Ball
1-0: Ball
2-0: Foul Ball, location: 2F
2-1: Foul Ball, location: 2F
2-2: Ball
3-2: Base on Balls
Batting: RHB Sergio Ortíz 0-0: Reached via error on a dropped throw, E3
Pedro Álvarez to second
Batting: RHB Barry Dempsey 0-0: Foul Ball, location: 2F
0-1: Ball
1-1: Ball
2-1: Ball
3-1: Foul Ball, location: 2F
3-2: Strikes out swinging
Batting: RHB Chris Costa 0-0: Ball
1-0: Called Strike
1-1: Called Strike
1-2: Foul Ball, location: 2F
1-2: Ball
2-2: SINGLE (Groundball, 6D)
Pedro Álvarez to third
Sergio Ortíz to second
Batting: LHB Francisco Sánchez 0-0: Ball
1-0: Called Strike
1-1: Fly out, F7 (Flyball, 7)
Batting: RHB Alfonso Enríquez 0-0: Ball
1-0: Fly out, F4 (Popup, 3D)
Top of the 7th over - 0 run(s), 1 hit(s), 1 error(s), 3 left on base; Capital District 2 - Las Vegas 2
BOTTOM OF THE 7TH
Las Vegas Flamingos batting - Pitching for Capital District Red Knights : LHP Luis Peña
Batting: RHB John Aston 0-0: Called Strike
0-1: DOUBLE (Line Drive, 7LD)
Batting: LHB Roberto Salazar 0-0: Ball
1-0: SINGLE (Line Drive, 89S)
John Aston to third
Batting: RHB Sake van Arem 0-0: Fly out, F5 (Popup, 5S)
Batting: LHB Chris McKinney 0-0: Called Strike
0-1: Ball
1-1: Swinging Strike
1-2: SINGLE (Groundball, 2R) (infield hit)
John Aston scores
Roberto Salazar to second
Pinch Hitting: LHB Victor Adams 0-0: Ball
1-0: Called Strike
1-1: Ball
2-1: Fly out, F7 (Flyball, 7)
Batting: RHB Xavier Hernández 0-0: Foul Ball, location: 2F
0-1: Swinging Strike
0-2: Ball
1-2: Ball
2-2: Strikes out swinging
Bottom of the 7th over - 1 run(s), 3 hit(s), 0 error(s), 2 left on base; Capital District 2 - Las Vegas 3
TOP OF THE 8TH
Capital District Red Knights batting - Pitching for Las Vegas Flamingos : LHP Shunen Takahashi
Now in LF: Victor Adams
Batting: SHB Bernardo Hernández 0-0: Foul Ball, location: 2F
0-1: SINGLE (Line Drive, 56)
Pitching: RHP Enrique García
Pinch Hitting: LHB Mike Cook 0-0: Ball
1-0: Bunt missed!
1-1: Sac Bunt - play at first, batter OUT! 3-4
Bernardo Hernández to second
Batting: RHB Danilo Mosca 0-0: Called Strike
0-1: Ball
1-1: Fly out, F9 (Line Drive, 9)
Batting: RHB Pedro Álvarez 0-0: Fly out, F9 (Flyball, 9LS)
Top of the 8th over - 0 run(s), 1 hit(s), 0 error(s), 1 left on base; Capital District 2 - Las Vegas 3
BOTTOM OF THE 8TH
Las Vegas Flamingos batting - Pitching for Capital District Red Knights : LHP Luis Peña
Now in CF: Arturo Hernández
Batting: SHB Kunimichi Chikafuji 0-0: Foul Ball, location: 2F
0-1: Foul Ball, location: 2F
0-2: Ball
1-2: Strikes out swinging
Batting: RHB Jeff Young 0-0: Fly out, F9 (Flyball, 89M)
Batting: LHB Emílio Sáenz 0-0: Called Strike
0-1: Swinging Strike
0-2: Ball
1-2: Ball
2-2: Ball
3-2: Ground out 5-3 (Groundball, 56S)
Bottom of the 8th over - 0 run(s), 0 hit(s), 0 error(s), 0 left on base; Capital District 2 - Las Vegas 3
TOP OF THE 9TH
Capital District Red Knights batting - Pitching for Las Vegas Flamingos : RHP Enrique García
Pitching: RHP Ron Yarbrough
Batting: RHB Sergio Ortíz 0-0: Ball
1-0: Swinging Strike
1-1: Ball
2-1: Foul Ball, location: 2F
2-2: Foul Ball, location: 2F
2-2: SINGLE (Groundball, 4D)
Batting: RHB Barry Dempsey 0-0: Called Strike
0-1: SINGLE (Groundball, 3D)
Sergio Ortíz to second
Batting: RHB Chris Costa 0-0: Ball
1-0: Grounds into double play, 5-4-3 (Groundball, 5)
Sergio Ortíz to third
Batting: LHB Francisco Sánchez 0-0: Ball
1-0: Ball
2-0: Foul Ball, location: 2F
2-1: Foul Ball, location: 2F
2-2: Foul Ball, location: 2F
2-2: Ground out 4-3 (Groundball, 4S)
Top of the 9th over - 0 run(s), 2 hit(s), 0 error(s), 1 left on base; Capital District 2 - Las Vegas 3
Monday, March 20th, 2017 - OOTP Baseball 17.12 Build 75